 Dungeon Crawl Stone Soup version 0.25.1-2-g60ff931df9 (webtiles) character file.

Game seed: 8930461582104690125

11686 selver the Tainter (level 11, 0/75 HPs)
             Began as a Demonspawn Venom Mage on Nov 1, 2020.
             Was an Elder of Vehumet.
             Slain by a salamander (8 damage)
             ... in a volcano on Nov 7, 2020.
             The game lasted 01:05:12 (13270 turns).

selver the Tainter (Demonspawn Venom Mage)         Turns: 13270, Time: 01:05:13

Health: 0/75       AC:  8    Str: 12    XL:     11   Next: 52%
Magic:  28/42      EV: 14    Int: 21    God:    Vehumet [****..]
Gold:   214        SH:  0    Dex: 13    Spells: 5/28 levels left

rFire    . . .     SeeInvis .     - Unarmed
rCold    + . .     Gourm    .   y - +3 buckler of the Forest {rN+ MR+ Str+2 Int+2}
rNeg     + . .     Faith    .   E - +1 steam dragon scales
rPois    .         Spirit   .   (helmet restricted)
rElec    .         Reflect  +   f - scarf {repulsion}
rCorr    .         Harm     .   d - +1 pair of gloves
MR       +....                  (no boots)
Stlth    +.........             J - amulet of reflection
HPRegen  0.22/turn              l - ring of magical power
MPRegen  0.28/turn              x - ring of magical power

@: confused, hasted, repel missiles, very quick
A: claws 2, horns 2, talons 2, cold resistance 1, augmentation 1, rot immunity
a: Renounce Religion


You were in a volcano.
You worshipped Vehumet.
Vehumet was greatly pleased with you.
You were not hungry.

You visited 3 branches of the dungeon, and saw 13 of its levels.
You also visited: Volcano.

You collected 722 gold pieces.
You spent 508 gold pieces at shops.

Inventory:

Hand Weapons
 g - a +2 vampiric short sword
 j - a +2 vampiric dagger
 G - a +3 dagger of speed
Missiles
 b - 2 arrows
Armour
 d - a +1 pair of gloves (worn)
 f - a scarf of repulsion (worn)
 y - the +3 buckler of the Forest (worn) {rN+ MR+ Str+2 Int+2}
   (You found it on level 5 of the Dungeon)

   It affects your strength (+2).
   It affects your intelligence (+2).
   It protects you from negative energy.
   It affects your resistance to hostile enchantments.
 E - +1 steam dragon scales (worn)
Jewellery
 l - a ring of magical power (left hand)
 o - a cursed ring of teleportation
 x - a ring of magical power (right hand)
 A - an uncursed amulet of magic regeneration
 C - a +6 ring of dexterity
 J - an amulet of reflection (around neck)
Wands
 a - a wand of flame (28)
 s - a wand of iceblast (8)
 v - a wand of random effects (23)
 B - a wand of disintegration (33)
Scrolls
 e - 10 scrolls of remove curse
 i - 2 scrolls of enchant weapon
 p - a scroll of enchant armour
 r - 4 scrolls of teleportation
 w - a scroll of vulnerability
 z - a scroll of immolation
Potions
 n - a potion of cancellation {unknown}
 q - 4 potions of flight
 t - a potion of magic {unknown}
 u - 4 potions of stabbing
 H - a potion of berserk rage
Comestibles
 c - 19 rations


   Skills:
 + Level 3.6 Fighting
 + Level 3.9 Dodging
 - Level 1.7 Stealth
 - Level 4.0 Shields
 + Level 2.4 Unarmed Combat
 - Level 9.0 Spellcasting
 - Level 7.0 Conjurations
 - Level 0.8 Transmutations
 - Level 3.7 Fire Magic
 - Level 6.4 Air Magic
 - Level 9.1 Poison Magic


You had 5 spell levels left.
You knew the following spells:

 Your Spells              Type           Power        Failure   Level  Hunger
a - Sting                 Tmut/Pois      ####         1%          1    None
b - Poisonous Vapours     Pois/Air       #####.       1%          2    None
c - Olgreb's Toxic Radia  Pois           #####...     1%          4    ###....
d - Ignite Poison         Fire/Tmut/Pois ####....     1%          3    None
e - Foxfire               Conj/Fire      ####         1%          1    None
f - Mephitic Cloud        Conj/Pois/Air  #####...     1%          3    None
g - Airstrike             Air            #####.....   1%          4    ###....
h - Lightning Bolt        Conj/Air       #####.....   3%          5    #####..

Your spell library contained the following spells:

 Spells                   Type           Power        Failure   Level  Hunger
 Yara's Violent Unravell  Hex/Tmut       ##........   38%         5    #####..
 Freeze                   Ice            #...         1%          1    None
 Shock                    Conj/Air       ####         1%          1    None
 Ozocubu's Armour         Chrm/Ice       #.......     22%         3    None
 Conjure Ball Lightning   Conj/Air       #####.....   17%         6    ######.


Dungeon Overview and Level Annotations

Branches:
Dungeon (10/15)            Temple (1/1) D:4            Lair (2/6) D:9
 Shoals (0/4) Lair:2        Snake (0/4) Lair:2      Volcano (1/1)
    Orc: D:9-12

Altars:
Ashenzari
Cheibriados
Dithmenos
Elyvilon
Fedhas
Gozag
Hepliaklqana
Kikubaaqudgha
Nemelex Xobeh
Okawaru
Qazlal
Sif Muna
Trog
Vehumet
Wu Jian
Xom
Yredelemnul
Zin
The Shining One

Shops:
D:4 *!   D:5 =   D:10 [

Annotations:
Lair:1 2 transporters, exclusion: 2 oklob plants, MackTuesday's ghost, journeyman MiBe


Innate Abilities, Weirdness & Mutations

You have very sharp fingernails.
You have a pair of horns on your head.
You have razor-sharp toenails.
Your flesh is cold resistant. (rC+)
Your magical and physical power is slightly enhanced at high health.
You are immune to rotting.


Message History

The salamander shoots an arrow.
The arrow misses you.
You see here an arrow.
There is a rock-blocked tunnel here.
The salamander unwields a +0 shortbow of flaming.
It stops flaming.
The salamander hits you but does no damage.
Things that are here:
a +4 glaive; a salamander corpse You hit the salamander.
You claw the salamander, but do no damage.
The salamander is severely wounded.
The salamander hits you.
You are engulfed in flames!
* * * LOW HITPOINT WARNING * * *
You bump into the granite statue.
You hit the salamander but do no damage.
The salamander is heavily wounded.
The salamander hits you!
* * * LOW HITPOINT WARNING * * *
You are engulfed in flames!
You die...

#.....#
#8...8#
#.....#
#.....#
#8...8#
#.....#
#.....#
#8...8#
#..N@.#
#..)..#
#8.∩.8#
##..(##
##∩##
###


You could see a salamander.

Vanquished Creatures
  Harold (D:7)
  A salamander mystic (Volcano)
  A salamander (Volcano)
  A black mamba (Lair:1)
  3 spiny frogs
  Psyche (D:8)
  A rime drake (Lair:1)
  Maggie (D:7)
  2 trolls (D:9)
  Prince Ribbit (D:7)
  4 blink frogs
  A hippogriff (Lair:1)
  A spriggan (D:8)
  Eustachio (D:6)
  6 yaks (Lair:1)
  A steam dragon (D:10)
  Duvessa (D:7)
  A water moccasin (Lair:1)
  4 porcupines
  2 orc warriors
  2 ice beasts (D:5)
  A sky beast (D:5)
  2 phantoms
  3 ogres
  2 necrophages
  4 centaurs
  4 crocodiles (Lair:1)
  2 big kobolds
  10 bullfrogs
  A wyvern zombie (D:9)
  2 scorpions
  Dowan (D:7)
  4 killer bees (D:9)
  4 howler monkeys
  9 wights
  3 crimson imps
  2 bullfrog zombies (D:5)
  A quasit (D:9)
  A bullfrog skeleton (D:6)
  4 orc priests
  Crazy Yiuf (D:7)
  3 hounds
  2 jellies
  4 orc wizards
  4 iguanas
  5 worker ants
  A hound zombie (D:6)
  3 hound skeletons
  A worker ant zombie (D:6)
  13 gnolls
  A howler monkey skeleton (D:5)
  14 adders
  2 shadow imps (D:5)
  2 worms
  3 dart slugs
  6 leopard geckos
  20 orcs
  6 bats
  7 giant cockroaches
  8 hobgoblins
  14 jackals
  22 kobolds
  6 quokkas
  2 ball pythons
  9 frilled lizards
  A giant cockroach zombie (D:5)
  4 goblins
  A jackal skeleton (D:6)
  2 jackal zombies
  A leopard gecko zombie (D:9)
  A quokka zombie (D:9)
  7 rats
  2 butterflies (Lair:1)
275 creatures vanquished.

Vanquished Creatures (others)
  54 foxfires
  A fungus (Lair:1)
  A plant (Lair:1)
56 creatures vanquished.

Grand Total: 331 creatures vanquished

Notes
Turn   | Place    | Note
-------+----------+-------------------------------------------
     0 | D:1      | selver the Demonspawn Venom Mage began the quest for the
                  | Orb.
     0 | D:1      | Reached XP level 1. HP: 13/13 MP: 3/3
   368 | D:1      | Gained mutation: You are immune to rotting. [demonic
                  | ancestry]
   368 | D:1      | Reached XP level 2. HP: 18/19 MP: 3/5
  1020 | D:1      | Gained mutation: You have a pair of small horns on your
                  | head. [demonic ancestry]
  1020 | D:1      | Reached XP level 3. HP: 24/24 MP: 4/6
  1212 | D:1      | Learned a level 2 spell: Poisonous Vapours
  1713 | D:2      | HP: 1/24 [poisoned by an adder]
  2150 | D:2      | Gained mutation: You have a pair of horns on your head.
                  | [demonic ancestry]
  2150 | D:2      | Reached XP level 4. HP: 20/30 MP: 8/8
  2509 | D:2      | Found a shimmering blue altar of Sif Muna.
  2756 | D:2      | Found a glowing golden altar of the Shining One.
  2845 | D:2      | Reached skill level 5 in Poison Magic
  2956 | D:2      | Gained mutation: You have sharp fingernails. [demonic
                  | ancestry]
  2956 | D:2      | Reached XP level 5. HP: 33/35 MP: 9/9
  3133 | D:3      | Found a faded altar of an unknown god.
  3780 | D:3      | Gained mutation: You have sharp toenails. [demonic
                  | ancestry]
  3780 | D:3      | Reached XP level 6. HP: 21/41 MP: 11/11
  4339 | D:4      | Learned a level 4 spell: Olgreb's Toxic Radiance
  4359 | D:4      | Found Ixkuett's Distillery.
  4364 | D:4      | Bought a potion of curing for 39 gold pieces
  4364 | D:4      | Bought a potion of curing for 39 gold pieces
  4364 | D:4      | Bought a potion of stabbing for 52 gold pieces
  4663 | D:4      | Found Eneoj's General Store.
  4728 | D:4      | Found an opulent altar of Gozag.
  4854 | D:4      | Found a staircase to the Ecumenical Temple.
  4861 | Temple   | Entered the Ecumenical Temple
  4882 | Temple   | Became a worshipper of Vehumet
  5047 | D:5      | Entered Level 5 of the Dungeon
  5079 | D:5      | Got a pitted buckler
  5193 | D:5      | Identified the +3 buckler of the Forest {rN+ MR+ Str+2
                  | Int+2} (You found it on level 5 of the Dungeon)
  5270 | D:5      | Noticed an ice beast
  5470 | D:5      | Killed an ice beast
  5470 | D:5      | Reached skill level 1 in Shields
  5568 | D:5      | Gained mutation: Your flesh is cold resistant. (rC+)
                  | [demonic ancestry]
  5568 | D:5      | Reached XP level 7. HP: 28/46 MP: 12/12
  6034 | D:5      | Learned a level 3 spell: Ignite Poison
  6161 | D:5      | Found Xudycs's Jewellery Shoppe.
  6600 | D:4      | Bought a scarf of repulsion for 144 gold pieces
  6663 | D:5      | Found an ancient bone altar of Kikubaaqudgha.
  6663 | D:5      | Found a blossoming altar of Fedhas.
  6751 | D:5      | Found a shadowy altar of Dithmenos.
  6781 | D:5      | Reached * piety under Vehumet
  6781 | D:5      | Offered knowledge of Foxfire by Vehumet.
  6820 | D:5      | Gained mutation: You have very sharp fingernails. [demonic
                  | ancestry]
  6820 | D:5      | Reached XP level 8. HP: 41/52 MP: 13/13
  6830 | D:5      | Learned a level 1 spell: Foxfire
  6834 | D:5      | Learned a level 3 spell: Mephitic Cloud
  6945 | D:5      | Identified the Volume of Gliding Cold
  7212 | D:6      | Noticed a green ugly thing
  7476 | D:6      | Reached skill level 1 in Conjurations
  7476 | D:6      | Reached skill level 1 in Fire Magic
  7478 | D:6      | Reached skill level 1 in Air Magic
  8472 | D:6      | Noticed Eustachio
  8480 | D:6      | Killed Eustachio
  8480 | D:6      | Gained mutation: Your magical and physical power is
                  | slightly enhanced at high health. [demonic ancestry]
  8480 | D:6      | Reached XP level 9. HP: 57/57 MP: 16/16
  8556 | D:7      | Noticed Maggie
  8556 | D:7      | Noticed Prince Ribbit
  8559 | D:7      | Killed Prince Ribbit
  8559 | D:7      | Noticed Harold
  8562 | D:7      | Killed Maggie
  8562 | D:7      | Reached ** piety under Vehumet
  8562 | D:7      | Offered knowledge of Searing Ray by Vehumet.
  8563 | D:7      | Killed Harold
  8563 | D:7      | Reached skill level 5 in Spellcasting
  8576 | D:7      | Noticed Dowan
  8617 | D:7      | Noticed Duvessa
  8622 | D:7      | Killed Dowan
  8626 | D:7      | Killed Duvessa
  8718 | D:7      | Learned a level 4 spell: Airstrike
  8918 | D:7      | Found a white marble altar of Elyvilon.
  8970 | D:7      | Found a basalt altar of Yredelemnul.
  9094 | D:7      | Found a runed translucent door.
  9095 | D:7      | Noticed Crazy Yiuf
  9355 | D:7      | Killed Crazy Yiuf
  9461 | D:8      | Reached skill level 5 in Conjurations
  9552 | D:8      | Found a sparkling altar of Nemelex Xobeh.
  9634 | D:8      | Noticed Psyche
  9661 | D:8      | Killed Psyche
  9661 | D:8      | Reached XP level 10. HP: 63/63 MP: 18/18
  9882 | D:8      | Reached skill level 5 in Air Magic
 10372 | D:9      | Offered knowledge of Frozen Ramparts by Vehumet.
 10508 | D:9      | Found a stormy altar of Qazlal.
 10638 | D:9      | Found a shattered altar of Ashenzari.
 10644 | D:9      | Reached *** piety under Vehumet
 10762 | D:9      | Found an ornate altar of the Wu Jian Council.
 10970 | D:9      | Offered knowledge of Stone Arrow by Vehumet.
 11019 | D:9      | Found a staircase to the Lair.
 11069 | D:9      | Found a hazy altar of Hepliaklqana.
 11670 | D:10     | Entered Level 10 of the Dungeon
 11670 | D:10     | Found Abilaog's Antique Armour Boutique.
 11683 | D:10     | Bought a jewelled scale mail for 234 gold pieces
 11727 | D:9      | Identified the +1 scale mail of Living Satisfaction {*Drain
                  | Dex+6 SInv} (You bought it in a shop on level 10 of the
                  | Dungeon)
 11731 | Lair:1   | Entered Level 1 of the Lair of Beasts
 11745 | Lair:1   | Noticed a spiny frog
 11750 | Lair:1   | Killed a spiny frog
 11773 | Lair:1   | Learned a level 5 spell: Lightning Bolt
 11803 | Lair:1   | Noticed a black mamba
 11812 | Lair:1   | Killed a black mamba
 11812 | Lair:1   | Gained mutation: You have razor-sharp toenails. [demonic
                  | ancestry]
 11812 | Lair:1   | Reached XP level 11. HP: 57/68 MP: 23/23
 11959 | Lair:1   | Reached skill level 1 in Fighting
 12134 | Lair:1   | Found a transporter.
 12139 | Lair:1   | Noticed MackTuesday's ghost (journeyman MiBe)
 12154 | Lair:1   | Found a transporter.
 12196 | Lair:1   | Noticed an oklob plant
 12196 | Lair:1   | Noticed an oklob plant
 12427 | Lair:1   | Reached **** piety under Vehumet
 12947 | Lair:2   | Reached skill level 1 in Unarmed Combat
 13134 | Lair:2   | Offered knowledge of Yara's Violent Unravelling by Vehumet.
 13141 | Lair:2   | Found a dark tunnel.
 13204 | Volcano  | Entered a volcano
 13220 | Volcano  | Noticed a salamander mystic
 13232 | Volcano  | Killed a salamander mystic
 13270 | Volcano  | Slain by a salamander

Illustrated notes

Levels and vault maps discovered:
D:1:      erik_arrival_triangle_huge, layout_basic, roderic_lattice_a,
          minmay_misc_feat_ornament
D:2:      layout_loops_ring, lemuel_doored_altar, tso_altar
D:3:      layout_loops_cross, chequers_ecumenical_altar_island
D:4:      layout_rooms, kennysheep_little_box, minmay_temple_entry_nine_rooms,
          serial_shops, nicolae_shop_stone, kennysheep_mini_moat
D:5:      minmay_octagon_keep, layout_basic, lemuel_crystal_altar,
          grunt_temple_overflow_growth_and_decay, first_ration, serial_shops,
          shop_coins
D:6:      cheibrodos_fzero, layout_gridville, uniq_eustachio
D:7:      layout_basic, kennysheep_ying_yang, uniq_maggie, uniq_harold,
          uniq_prince_ribbit1, uniq_crazy_yiuf_cottage, uniq_duvessa
D:8:      layout_loops_ring, nemelex_xobeh_ov_fountains_minmay, uniq_psyche
D:9:      layout_basic, marbit_many_paths, nicolae_overflow_crystal_walls,
          kennysheep_mini, grunt_qazlal_sundering, lair_entry_dummy,
          grunt_pizzeria
D:10:     layout_basic, gammafunk_ghost_smash, serial_shops, shop, basic_altar,
          nicolae_trove_entry_free_sample, eino_house_with_fridge
Temple:   compressed_dpeg_triangle_lava_temple
Lair:1:   layout_regular_city, gammafunk_ghost_berserking_beasts,
          serial_bayou_pond_d, grunt_megastairs_5, lemuel_fruit_fields,
          minmay_lair_oklob_chamber
Lair:2:   beast_lair_carwin_large_3, layout_regular_city,
          elwin_shoals_entry_rooms, dummy_snake_entry, enter_volcano_4,
          nicolae_quartered_pool_super, wad_woods_road_05
Volcano:  kennysheep_volcano_temple

Skill      XL: |  1  2  3  4  5  6  7  8  9 10 11 |
---------------+----------------------------------+-----
Poison Magic   | 4 5 6 8 9 |  9.1
Spellcasting   | 3 4 5 8 9 |  9.0
Shields        | 1 3 4 |  4.0
Conjurations   | 2 5 7 |  7.0
Fire Magic     | 2 3 |  3.7
Air Magic      | 2 4 6 |  6.4
Dodging        | 3 |  3.9
Fighting       | 3 |  3.6
Unarmed Combat | 2 |  2.4
Stealth        | |  1.7
Transmutations | |  0.8

Action                   |  1- 3 |  4- 6 |  7- 9 | 10-12 || total
-------------------------+-------+-------+-------+-------++-------
Melee: Short sword       |    27 |    81 |       |       ||   108
       Unarmed           |     1 |       |       |    10 ||    11
       Whip              |     1 |       |       |       ||     1
       Headbutt          |     2 |    11 |    35 |    23 ||    71
       Dagger            |       |    78 |   188 |   113 ||   379
       Kick              |       |    11 |    57 |    31 ||    99
 Cast: Sting             |    31 |    38 |    19 |       ||    88
       Poisonous Vapours |       |    19 |    45 |    21 ||    85
       Foxfire           |       |       |    22 |     8 ||    30
       Ignite Poison     |       |       |    13 |    33 ||    46
       Mephitic Cloud    |       |       |     6 |     2 ||     8
       Olgreb's Toxic Ra |       |       |     6 |    18 ||    24
       Airstrike         |       |       |     1 |    42 ||    43
       Lightning Bolt    |       |       |       |     3 ||     3
Evoke: Wand              |       |       |       |     2 ||     2
  Use: Scroll            |       |     6 |     6 |    16 ||    28
       Potion            |       |     3 |     6 |     5 ||    14
 Stab: Sleeping          |     2 |     4 |     1 |     2 ||     9
  Eat: Chunk             |     3 |    11 |    10 |     9 ||    33
       Ration            |       |       |     2 |     3 ||     5
Armor: Robe              |     9 |    32 |    17 |       ||    58
       Skin              |       |    24 |       |       ||    24
       Leather armour    |       |     8 |    27 |       ||    35
       Steam dragon scal |       |       |     2 |    28 ||    30
Dodge: Dodged            |    27 |    75 |   102 |    64 ||   268
       Repelled          |       |       |     2 |     6 ||     8
Block: Buckler           |       |       |    30 |    48 ||    78
